 Dungeon Crawl Stone Soup version 0.17-a0-1337-ge651487 (webtiles) character file.

49 Kidiri the Shield-Bearer (level 3, -1/23 HPs)
             Began as a Gargoyle Fighter on June 10, 2015.
             Was an Initiate of Okawaru.
             Slain by Crazy Yiuf
             ... wielding a +2 quarterstaff of chaos
              (3 damage)
             ... on level 2 of the Dungeon.
             The game lasted 00:08:24 (1343 turns).

Kidiri the Shield-Bearer (Gargoyle Fighter)         Turns: 1343, Time: 00:08:24

Health: -1/23      AC: 12    Str: 20    XL:     3   Next: 77%
Magic:  3/3        EV:  7    Int:  8    God:    Okawaru [......]
Gold:   63         SH:  9    Dex:  9    Spells: 0 memorised, 2 levels left

rFire  . . .     SeeInvis .     a - +1 flail
rCold  . . .     Clarity  .     b - +0 scale mail
rNeg   + . .     SustAt   .     c - +0 shield
rPois  ∞         Gourm    .     (no helmet)
rElec  +         Spirit   .     (no cloak)
rCorr  .         Warding  .     (no gloves)
rMut   .         Stasis   .     (no boots)
MR     .....                    (no amulet)
Stlth  ..........               (no ring)
                                h - +2 ring of protection

@: very slightly contaminated, invisible, not resistant to hostile enchantments,
extremely unstealthy
A: negative energy resistance 1, electricity resistance, unbreathing,
petrification resistance, rot immunity, AC +3
a: Renounce Religion


You were on level 2 of the Dungeon.
You worshipped Okawaru.
Okawaru was noncommittal.
You were not hungry.

You visited 1 branch of the dungeon, and saw 2 of its levels.

You collected 63 gold pieces.

Inventory:

Hand weapons
 a - a +1 flail (weapon)
Armour
 b - a +0 scale mail (worn)
 c - a +0 shield (worn)
Magical staves
 k - an uncursed staff of air
Jewellery
 h - a +2 ring of protection (left hand)
Potions
 d - a potion of might
 i - a potion of brilliance
 j - a potion of heal wounds {unknown}
 l - a potion of degeneration {unknown}
 n - 2 potions of haste
 p - a potion of curing {unknown}
 q - a potion of mutation {unknown}
Comestibles
 e - a bread ration
 f - a chunk of flesh


   Skills:
 * Level 3.6 Fighting
 + Level 2.3 Maces & Flails
 * Level 3.9 Armour
 * Level 4.0 Shields
 + Level 0.2 Invocations


You had 2 spell levels left.
You didn't know any spells.

Dungeon Overview and Level Annotations

Branches:
Dungeon (2/15)

Altars:
Okawaru

Annotations:
D:2 Crazy Yiuf


Innate Abilities, Weirdness & Mutations

You are resistant to torment.
Your stone body is resilient (AC +3).
You are immune to poison.
You resist negative energy.
You are resistant to electric shocks.
You can survive without breathing.
You are immune to petrification.
You are immune to rotting.


Message History

Crazy Yiuf is severely wounded.
You block Crazy Yiuf's attack. Crazy Yiuf closely misses you.
You strike the helpless Crazy Yiuf from behind!
You hit Crazy Yiuf.
Crazy Yiuf is almost dead.
Crazy Yiuf barely misses you.
You barely miss Crazy Yiuf.
Crazy Yiuf is almost dead.
Crazy Yiuf hits you with a quarterstaff of chaos!
* * * LOW HITPOINT WARNING * * *
Crazy Yiuf freezes you.
* * * LOW HITPOINT WARNING * * *
Crazy Yiuf whimpers, "Adder!"
Crazy Yiuf hits you but does no damage.
You catch the helpless Crazy Yiuf completely off-guard!
You hit Crazy Yiuf but do no damage.
Crazy Yiuf is almost dead.
Crazy Yiuf barely misses you.
Crazy Yiuf hits you with a quarterstaff of chaos.
You die...

#######......###......##
#........>..## #.#...##
### #.#####...###
#.#.### ..# #.# #####
###.# #.# #.# #.# #.#
#.# #######.##
#.######.# ###
###.#...#..# #.......##
#...##..#.......#
########.#
#...g@####......# ###
#)..### ##..#.## ###
######


You could see Crazy Yiuf.

Vanquished Creatures
  A worm (D:2)
  2 ball pythons (D:1)
  2 bats
  3 giant cockroaches
  6 hobgoblins
  3 jackals (D:1)
  6 kobolds
  A quokka (D:2)
  2 giant newts
  8 goblins
  10 rats
44 creatures vanquished.

Notes
Turn   | Place    | Note
--------------------------------------------------------------
     0 | D:1      | Kidiri the Gargoyle Fighter began the quest for the Orb.
     0 | D:1      | Reached XP level 1. HP: 14/14 MP: 1/1
    65 | D:1      | Reached XP level 2. HP: 17/19 MP: 2/2
   538 | D:1      | Reached XP level 3. HP: 23/23 MP: 3/3
   845 | D:2      | Found an iron altar of Okawaru.
   851 | D:2      | Became a worshipper of Warmaster Okawaru
  1009 | D:2      | Reached skill level 4 in Shields
  1333 | D:2      | Noticed Crazy Yiuf
  1343 | D:2      | Slain by Crazy Yiuf

Vault maps used:
D:1:      zaba_arrival_water
D:2:      lemuel_round_altar, kennysheep_minor_cross, minmay_rat_gold_closets,
          uniq_crazy_yiuf_cottage

Action                   || total
-------------------------++-------
Melee: Flail             ||   136
  Use: Scroll            ||     3
 Stab: Invisible         ||     3
  Eat: Chunk             ||     2
